 Dungeon Crawl Stone Soup version 0.27.0-1-g7a089689b8 (webtiles) character file.

Game seed: 2250254776097231188

862 ZombieSheep the Vandal (level 8, -2/55 HPs)
             Began as an Octopode Hunter on Aug 9, 2021.
             Was an Initiate of Gozag.
             Slain by a steam dragon (6 damage)
             ... on level 6 of the Dungeon.
             The game lasted 00:09:56 (6257 turns).

ZombieSheep the Vandal (Octopode Hunter)            Turns: 6257, Time: 00:09:57

Health: -2/55      AC:  1    Str: 11    XL:     8   Next: 2%
Magic:  8/8        EV: 14    Int: 13    God:    Gozag
Gold:   210        SH:  6    Dex: 15    Spells: 7/7 levels left

rFire    . . .     SeeInvis +   b - +1 dagger (venom)
rCold    . . .     Faith    .   f - +1 buckler
rNeg     . . .     Spirit   .   (helmet restricted)
rPois    .         Reflect  .   (no amulet)
rElec    .         Harm     .   i - ring of see invisible
rCorr    +         Rampage  .   p - ring of resist corrosion
Will     .....                  (no ring)
Stlth    +++.......             (no ring)
HPRegen  0.18/turn              (no ring)
MPRegen  0.11/turn              (no ring)
                                (no ring)
                                (no ring)

@: no status effects
A: almost no armour, amphibious, 8 rings, camouflage 1, gelatinous body 1,
(nimble swimmer 1), tentacles
a: Renounce Religion, Potion Petition, Call Merchant, Bribe Branch


You were on level 6 of the Dungeon.
You worshipped Gozag.
Gozag was aware of your devotion.
You visited 2 branches of the dungeon, and saw 7 of its levels.

You collected 258 gold pieces.
You paid 48 gold pieces to Gozag.

Inventory:

Hand Weapons
 a - a +1 hunting sling
 b - a +1 dagger of venom (weapon)
 d - a +0 short sword
Missiles
 c - 9 sling bullets
 e - 133 stones (quivered)
 j - a throwing net
Armour
 f - a +1 buckler (worn)
Jewellery
 i - a ring of see invisible (left tentacle)
 p - a ring of resist corrosion (right tentacle)
Scrolls
 h - 3 scrolls of teleportation
 l - a scroll of magic mapping
Potions
 g - 4 potions of flight
 m - a potion of cancellation
 n - a potion of magic
 r - 2 potions of curing


   Skills:
 + Level 5.3 Fighting
 + Level 6.4 Slings
 + Level 3.2 Dodging
 + Level 2.1 Stealth
 - Level 4.0 Shields


You had 7 spell levels left.
You didn't know any spells.
Your spell library contained the following spells:

 Spells                   Type           Power      Damage    Failure   Level
 Slow                     Hex            0%         N/A       43%         2
 Confusing Touch          Hex            0%         N/A       67%         3
 Vampiric Draining        Necr           0%         2d6       67%         3


Dungeon Overview and Level Annotations

Branches:
Dungeon (6/15)             Temple (1/1) D:5

Altars:
Ashenzari
Cheibriados
Elyvilon
Gozag
Hepliaklqana
Makhleb
Nemelex Xobeh
Ru
Sif Muna
Trog
Uskayaw
Yredelemnul
Zin

Annotations:
D:3 Sigmund


Innate Abilities, Weirdness & Mutations

You cannot wear most types of armour.
You are amphibious.
You can wear up to eight rings at the same time.
Your skin changes colour to match your surroundings (Stealth+).
Your rubbery body absorbs attacks. (AC +1, EV +1)
((You are camouflaged near water. (Stealth+)))
You have tentacles for arms and can constrict up to eight enemies at once.


Message History

The steam dragon is lightly wounded.
The steam dragon breathes steam at you. The ball of steam hits you!!
Ouch! That really hurt!
You hear a bark!
You are too injured to fight recklessly!
Your +1 dagger of venom begins to drip with poison!
b - a +1 dagger of venom (weapon)
You are engulfed in a cloud of scalding steam.
You closely miss the steam dragon.
The steam dragon is lightly wounded.
A hound comes into view.
You block the steam dragon's attack.
The steam dragon claws you but does no damage.
You closely miss the steam dragon.
The steam dragon is lightly wounded.
The steam dragon barely misses you. The steam dragon claws you.
You closely miss the steam dragon. You squeeze the steam dragon.
The steam dragon is lightly wounded.
You are engulfed in a cloud of scalding steam.
* * * LOW HITPOINT WARNING * * *
The steam dragon bites you.
* * * LOW HITPOINT WARNING * * *
The steam dragon barely misses you. You block the steam dragon's attack.
The steam dragon closely misses you.
You barely miss the steam dragon.
The steam dragon is lightly wounded.
The steam dragon breathes steam at you. The ball of steam hits you!
* * * LOW HITPOINT WARNING * * *
You hear a shout! x2
You block the steam dragon's attack. The steam dragon completely misses you.
You see here a sling bullet.
You hit the steam dragon.
The steam dragon is poisoned.
You squeeze the steam dragon, but do no damage.
The steam dragon is lightly wounded.
The hound is engulfed in a cloud of scalding steam.
The hound closely misses you. The steam dragon bites you.
You die...
Your body crumbles into a pile of gold.

##......#####..###.#
$..##.#.# ##.# #.#
.#. #.#.# #.# #.# ..
#.##.#.# #.# #.#
...h#....#.######.#
#.#
#...............###.#
####.§#...####..##.##
####### #Dh§##.#
##..#..# .......
#@#§.#.# #######
....... #(##...#
.......##.###..######
#..§.((#.........#
#§§§..##........>#
###§§...##.........#
(D.§................#
.##########.........#
#########.#


You could see a steam dragon (very poisoned, catching breath) and a hound.

Vanquished Creatures
  Prince Ribbit (D:5)
  An ogre (D:6)
  A phantom (D:5)
  A bullfrog (D:4)
  A water moccasin skeleton (D:3)
  A scorpion (D:5)
  2 centaur zombies
  2 hounds (D:5)
  2 orc priests (D:4)
  An iguana (D:5)
  A hound skeleton (D:4)
  4 adders
  A howler monkey skeleton (D:4)
  A worm (D:2)
  4 dart slugs
  3 orcs (D:4)
  4 bats
  6 endoplasms
  2 giant cockroaches (D:1)
  4 goblins
  5 hobgoblins
  11 jackals (D:2)
  4 quokkas
  11 ball pythons
  3 frilled lizards
  6 kobolds
  7 rats
90 creatures vanquished.

Notes
Turn   | Place    | Note
-------+----------+-------------------------------------------
     0 | D:1      | ZombieSheep the Octopode Hunter began the quest for the
                  | Orb.
     0 | D:1      | Reached XP level 1. HP: 14/14 MP: 1/1
   121 | D:1      | Reached XP level 2. HP: 19/19 MP: 2/2
   421 | D:1      | Reached XP level 3. HP: 25/25 MP: 3/3
   441 | D:1      | HP: 1/25 [poisoned by a kobold]
  1336 | D:2      | Found a faded altar of an unknown god.
  1735 | D:2      | Reached XP level 4. HP: 30/30 MP: 4/4
  1823 | D:2      | Found a sacrificial altar of Ru.
  2519 | D:3      | Reached skill level 1 in Shields
  2519 | D:3      | Reached XP level 5. HP: 31/36 MP: 5/5
  2857 | D:3      | Noticed Sigmund
  3048 | D:4      | Reached skill level 5 in Slings
  3439 | D:4      | Reached XP level 6. HP: 29/43 MP: 6/6
  4150 | D:5      | Entered Level 5 of the Dungeon
  4266 | D:5      | Found a staircase to the Ecumenical Temple.
  4282 | Temple   | Entered the Ecumenical Temple
  4360 | Temple   | Became a worshipper of Gozag Ym Sagoz the Greedy
  4387 | D:5      | Noticed Prince Ribbit
  4395 | D:5      | Killed Prince Ribbit
  4396 | D:5      | Reached XP level 7. HP: 47/49 MP: 7/7
  4768 | D:5      | Reached skill level 6 in Slings
  5125 | D:5      | Reached skill level 5 in Fighting
  6170 | D:6      | Reached XP level 8. HP: 55/55 MP: 8/8
  6257 | D:6      | Slain by a steam dragon

Illustrated notes

Levels and vault maps discovered:
D:1:      minmay_arrival_nine_rooms, layout_basic, minmay_close_crescents
D:2:      layout_loops_ring, hellmonk_ecumenical_altar_dog_temple, basic_altar,
          st_stairs_8, hex_large, minivault_24, minmay_pentomino_s2
D:3:      layout_basic, minitemple, uniq_ijyb, uniq_sigmund
D:4:      layout_basic
D:5:      layout_basic, minmay_temple_entry_drinking_statues,
          uniq_prince_ribbit1
D:6:      layout_rooms, kennysheep_path_1, uniq_grinder
Temple:   dshaligram_water_room_temple

Skill      XL: |  1  2  3  4  5  6  7 |
---------------+----------------------+-----
Fighting       | 3 4 5 |  5.3
Dodging        | 3 |  3.2
Shields        | 1 2 3 4 |  4.0
Slings         | 5 6 |  6.4
Stealth        | 2 |  2.1

Action                   |  1- 3 |  4- 6 |  7- 9 || total
-------------------------+-------+-------+-------++-------
Melee: Dagger            |     1 |    10 |    50 ||    61
       Constrict         |     1 |     4 |     4 ||     9
       Tentacles         |       |     3 |    13 ||    16
 Fire: Hunting sling     |   125 |   139 |    54 ||   318
  Use: Scroll            |     1 |     6 |     2 ||     9
       Potion            |     1 |       |     1 ||     2
 Stab: Sleeping          |       |     1 |     1 ||     2
Armor: Skin              |     1 |     2 |     7 ||    10
Dodge: Dodged            |    18 |    33 |    43 ||    94
Block: Buckler           |       |       |     9 ||     9
